 Dungeon Crawl Stone Soup version 0.28-a0-726-g4a9143789a (webtiles) character file.

Game seed: 14622082804873306704

145 lawman0 the Grasshopper (level 5, 0/39 HPs)
             Began as a Barachi Warper on Oct 27, 2021.
             Succumbed to Edmund's poison
             ... on level 3 of the Dungeon.
             The game lasted 00:06:27 (3202 turns).

lawman0 the Grasshopper (Barachi Warper)            Turns: 3202, Time: 00:06:28

Health: 0/39       AC:  3    Str: 13    XL:     5   Next: 27%
Magic:  8/9        EV: 12    Int: 14    God:
Gold:   80         SH:  0    Dex: 11    Spells: 4/9 levels left

rFire   . . .      SeeInvis .   a - +0 falchion
rCold   . . .      Faith    .   (no shield)
rNeg    . . .      Spirit   .   h - +0 leather armour
rPois   .          Reflect  .   (no helmet)
rElec   .          Harm     .   (no cloak)
rCorr   .          Rampage  .   (no gloves)
Will    .....                   (no boots)
Stlth   +.........              (no amulet)
HPRegen 0.13/turn               (no ring)
MPRegen 0.11/turn               (no ring)

@: lethally poisoned (0 -> -2), unable to hop, on berserk cooldown, hasted and
slowed, slow
A: amphibious, slowness 1, strong legs 1, +LOS
a: Hop


You were on level 3 of the Dungeon.
You visited 1 branch of the dungeon, and saw 4 of its levels.

You collected 80 gold pieces.

Inventory:

Hand Weapons
 a - a +0 falchion (weapon)
 b - a +0 hunting sling
Missiles
 d - 5 boomerangs of dispersal
 e - 2 throwing nets
 f - 35 poisoned darts (quivered)
Armour
 h - a +0 leather armour (worn)
Magical Staves
 i - a staff of cold
Scrolls
 j - a scroll of enchant armour


   Skills:
 + Level 2.7 Fighting
 * Level 3.6 Long Blades
 + Level 1.4 Throwing
 + Level 2.1 Armour
 + Level 2.5 Dodging
 + Level 0.2 Stealth
 + Level 2.7 Spellcasting
 * Level 1.8 Conjurations
 * Level 1.4 Summonings
 * Level 3.8 Translocations


You had 4 spell levels left.
You knew the following spells:

 Your Spells              Type           Power      Damage    Failure   Level
a - Magic Dart            Conj           28%        1d4       13%         1
b - Blink                 Tloc           24%        N/A       9%          2
c - Call Imp              Summ           5%         N/A       24%         2

Your spell library contained the following spells:

 Spells                   Type           Power      Damage    Failure   Level
 Gell's Gravitas          Tloc           6%         N/A       17%         3
 Lesser Beckoning         Tloc           12%        N/A       17%         3
 Teleport Other           Tloc           12%        N/A       17%         3
 Mephitic Cloud           Conj/Pois/Air  3%         N/A       54%         3
 Olgreb's Toxic Radiance  Pois           1%         N/A       95%         4
 Manifold Assault         Tloc           12%        N/A       85%         5
 Ozocubu's Refrigeration  Ice            0%         4d5       100%        7
 Ignition                 Fire           0%         3d3       100%        8


Dungeon Overview and Level Annotations

Branches:
Dungeon (4/15)
 Temple: D:4-7

Altars:
Dithmenos
Fedhas
Zin

Shops:
D:2 [

Annotations:
D:4 Edmund, Natasha


Innate Abilities, Weirdness & Mutations

You are amphibious.
You cover ground slowly.
You can hop short distances.
You have an extended range of vision and can be seen from far away.


Message History

Natasha mumbles some strange words.
Edmund hits you with a +1 flail of venom!
You are lethally poisoned!
Unknown command.
Casting: Magic Dart (safe; 13% risk of failure)
Confirm with . or Enter, or press ? or * to list all spells.
You blink.
You feel very sick.
Unknown command.
Hop to where?
Press: ? - help, Dir - move target Boing!
You feel very sick.
You feel very sick.
* * * LOW HITPOINT WARNING * * *
You feel very sick.
You feel stable enough to blink again.
* * * LOW HITPOINT WARNING * * *
You feel very sick.
It was a potion of haste.
You feel yourself speed up.
* * * LOW HITPOINT WARNING * * *
You feel sick.
It was a potion of berserk rage.
A red film seems to cover your vision as you go berserk!
You feel yourself moving faster!
You feel mighty!
You feel sick.
You feel a strong urge to attack something.
You feel sick.
You feel sick.
There is a stone staircase leading up here.
You feel your anger nearly subside.
Natasha howls an incantation.
Natasha shimmers violently.
Natasha casts a spell at you. The magic dart hits you.
* * * LOW HITPOINT WARNING * * *
You climb upwards.
You are no longer berserk.
You are exhausted.
You feel yourself slow down.
You die...

******#.### *,,,*
##********* ###...####,,,*
..,,,,,,,,***........,,,,*
.#*******♣♣PP♣......###,,*
.###### ♣P.♣♣........,,,*
..!...## ♣.PP♣......#***,*
..P♣P..# ♣.P.♣.....#* *,*
.P♣♣,..# *P..♣#...#* *,*
...♣♣♣.# #♣.♣**#@#* *,*
#..♣...###..####.# *,*
##....)).........# *,*
##P.############# *,* #..#
*,*
**#.##******************,*
,,...,,,,,,,,,,,,,,,,,,,,*
*####*********************


There were no monsters in sight!

Vanquished Creatures
  An orc priest (D:3)
  An orc wizard (D:3)
  Terence (D:2)
  An adder (D:3)
  A gnoll (D:3)
  5 orcs (D:3)
  5 bats
  3 endoplasms
  2 giant cockroaches
  2 goblins (D:1)
  6 hobgoblins
  A quokka (D:1)
  2 frilled lizards
  7 kobolds
  2 rats
40 creatures vanquished.

Vanquished Creatures (collateral kills)
  2 orcs (D:3)
2 creatures vanquished.

Grand Total: 42 creatures vanquished

Notes
Turn   | Place    | Note
-------+----------+-------------------------------------------
     0 | D:1      | lawman0 the Barachi Warper began the quest for the Orb.
     0 | D:1      | Reached XP level 1. HP: 17/17 MP: 3/3
     5 | D:1      | Learned a level 1 spell: Magic Dart
    49 | D:1      | Found a faded altar of an unknown god.
   432 | D:1      | Reached XP level 2. HP: 23/23 MP: 0/5
   586 | D:1      | Learned a level 2 spell: Blink
   589 | D:1      | Learned a level 2 spell: Call Imp
  1501 | D:2      | Found a blossoming altar of Fedhas.
  1502 | D:2      | Noticed Terence
  1574 | D:2      | Reached XP level 3. HP: 23/28 MP: 2/6
  1656 | D:2      | HP: 1/28 [Terence (3)]
  1660 | D:2      | Killed Terence
  1661 | D:2      | Reached skill level 1 in Conjurations
  2265 | D:2      | Found Odetouc's Armour Emporium.
  2342 | D:3      | Reached skill level 1 in Summonings
  2342 | D:3      | Reached XP level 4. HP: 20/34 MP: 7/7
  2571 | D:3      | Found a glowing silver altar of Zin.
  2589 | D:3      | Found a shadowy altar of Dithmenos.
  2678 | D:3      | Reached XP level 5. HP: 9/39 MP: 2/9
  2678 | D:3      | what
  2910 | D:3      | .......................
  2910 | D:3      | when did that change?
  2910 | D:3      | holy shit
  2926 | D:3      | based?
  3190 | D:4      | Noticed Edmund
  3190 | D:4      | Noticed an ogre
  3191 | D:4      | Noticed Natasha
  3201 | D:4      | HP: 2/58 [Natasha/magic dart (3)]
  3202 | D:3      | Succumbed to Edmund's poison

Illustrated notes ,,* *,,* #.............#.... ,,* *>,* ###.#########...... ,,* *,,* ##.# #.#..). ,,* *,,* #..# #.##... ,,*****,,* #.## #.##### ****,,,,,* #.# *♣♣♣** *,**,** #.# **,,,,*** *,**,* #.# *,,**,,,* *,##,** #@# **,*,**,, * *,*..,* #.# *,,,,**** * *,*,oo** #§# *,,≈≈,,* * **,,**#.** #○# *,≈≈≈≈** ***,,,* #..#####5# *,,≈≈** ,,,,,,***,#o)..§§# ****,* ***,,,,,,#.####### ****** * **<*,**#** *,,,,, * *,*,********** ****** Turn 2678 on D:3: what ,,,,,,,,..######## ****≈*,**.,# *****,,,,........#****,**,,♣♣#.** ,,,,,,,,,,,...,...,,,,,*♣♣♣♣..#* ,*****,,,,,,...#.#******#..##.## ,* *,,*****#.#.########..##..## ,* *,,* #.............#....# ,* *>,* ###.#########....... ,* *,,* ##.# #.#..).. ,* *,,* #.@# #.##.... ,*****,,* #.## #.###### ***,,,,,* #.# *♣♣♣** *,**,** #.# **,,,,*** *,**,* #.# *,,**,,,** *,##,** #.# **,*,**,,, *,*..,* #.# *,,,,***** *,*,oo** #.# *,,≈≈,,* * **,,**#.** #)# *,≈≈≈≈** * Turn 2910 on D:3:

.......................
,*,*****,,,,,* #.# *♣♣♣
,*,* *,**,** #.# **,,,
,*,* *,**,* #.# *,,** **,*
*,##,** #.# **,*, *****
*,*..,* #.# *,,,, ,,,,*
*,*,..** #.# *,,≈≈ *,*,*
**,,**#.** #)# *,≈≈≈
*,,,***,,,* #..#####)#
*,,≈≈
*,,,,,,,,,***,#.@...)#
****,
*,,,***,,,,,,#.####### **
*,*,* **<*,**#** *, *,*,*
*,*,********** ** ,,,,*
*,,,,,,,,,,,,*************
*,,,*
***,********,,,,,,,,,,,,,,
,,,,* *,* *,,*,,*********
***** *,* **,,,,,****** *
**,** *,,***,,,,,,** *


Turn 2926 on D:3: based?

Levels and vault maps discovered:
D:1:      scummos_arrival_simple_crosswalls, layout_basic,
          shapermc_ecumenical_altar_mp_ritualfount, minmay_pentomino_u4
D:2:      layout_loops_cross, serial_shops, shop, basic_altar,
          minmay_strange_pillars, uniq_terence
D:3:      layout_loops_ring, mainiacjoe_overflow_catwalk,
          nicolae_dithmenos_the_darkroom, serial_forest,
          infiniplex_forest_lined_room_, infiniplex_forest_clump_cross,
          infiniplex_forest_clump_double, infiniplex_forest_end_1,
          infiniplex_forest_lined_room_, infiniplex_forest_pool,
          infiniplex_forest_lined_2, infiniplex_forest_lined_2,
          infiniplex_forest_pool
D:4:      layout_cave_pools, kennysheep_mini, gammafunk_temple_overflow_statue,
          minmay_unequal, uniq_edmund, uniq_natasha

Skill      XL: |  1  2  3  4 |
---------------+-------------+-----
Long Blades    | 3 |  3.6
Conjurations   | 1 |  1.8
Summonings     | 1 |  1.4
Armour         | 2 |  2.1
Fighting       | |  2.7
Throwing       | |  1.4
Dodging        | |  2.5
Stealth        | |  0.2
Spellcasting   | |  2.7
Translocations | |  3.8

Action                   |  1- 3 |  4- 6 || total
-------------------------+-------+-------++-------
Melee: Falchion          |    72 |    15 ||    87
Throw: Dart              |     6 |     4 ||    10
 Cast: Magic Dart        |    48 |    18 ||    66
       Call Imp          |     2 |     2 ||     4
       Blink             |     1 |     1 ||     2
 Abil: Hop               |     1 |     1 ||     2
  Use: Scroll            |     3 |     2 ||     5
       Potion            |       |     2 ||     2
Armor: Leather armour    |    23 |     6 ||    29
Dodge: Dodged            |    54 |    15 ||    69

Table legend: (Time is in decaauts)
 A = Elapsed time spent in this place.
 B = Non-inter-level travel time spent in this place.
 C = Inter-level travel time spent in this place.
 D = Time resting spent in this place.
 E = Time spent auto-exploring this place.
 F = Levels seen in this place.
 G = Mean time per level.
                   A        B        C        D        E       F      G
               +--------+--------+--------+--------+--------+-----+--------+
         Total |   3406 |   3355 |     51 |    948 |   1745 |   4 |  851.5 |
       Dungeon |   3406 |   3355 |     51 |    948 |   1745 |   4 |  851.5 |
               +--------+--------+--------+--------+--------+-----+--------+

Top non-repeatable levels by time:
     D:1: 1568 daAuts
     D:2: 925 daAuts
     D:3: 881 daAuts
     D:4: 30 daAuts
